 Dungeon Crawl Stone Soup version 0.19.0-19-g8c6edcc (webtiles) character file.

165680 JeffiDaFish the Peltast (level 17, -1/109 HPs)
             Began as a Gargoyle Fighter on Nov 14, 2016.
             Was the Champion of Makhleb.
             Slain by a shock serpent (7 damage)
             ... on level 4 of the Snake Pit on Nov 16, 2016.
             The game lasted 01:35:39 (26493 turns).

JeffiDaFish the Peltast (Gargoyle Fighter)         Turns: 26493, Time: 01:35:42

Health: -1/109     AC: 44    Str: 24    XL:     17   Next: 88%
Magic:  26/26      EV: 10    Int: 16    God:    Makhleb [******]
Gold:   3706       SH:  0    Dex: 20    Spells: 2 memorised, 20 levels left

rFire  + . .     SeeInvis .     O - +6 dire flail (drain)
rCold  + . .     Gourm    +     G - +4 plate armour {rF+}
rNeg   + . .     Faith    .     (shield currently unavailable)
rPois  ∞         Spirit   .     t - +1 helmet of Miracles {rElec rC+ Int+3}
rElec  +         Reflect  .     r - +0 cloak
rCorr  .         Harm     .     k - +2 pair of gloves
MR     +....                    y - +2 pair of boots
Stlth  ..........               m - amulet of the gourmand
                                D - +5 ring of dexterity
                                Q - ring "Jek Tari" {+Fly Int+3 Dex+4}

@: flying, very slightly contaminated
A: big wings, negative energy resistance 1, electricity resistance, unbreathing,
petrification resistance, rot immunity, AC +12
a: Stop Flying, Minor Destruction, Lesser Servant of Makhleb, Major Destruction,
Greater Servant of Makhleb, Renounce Religion


You were on level 4 of the Snake Pit.
You worshipped Makhleb.
Makhleb was exalted by your worship.
You were very full.

You visited 4 branches of the dungeon, and saw 27 of its levels.

You collected 4568 gold pieces.
You spent 862 gold pieces at shops.

Inventory:

Hand Weapons
 p - a +2 morningstar of crushing
 A - the +4 whip of the Desert {slash, MR+ Stlth+}
   (You found it on level 4 of the Snake Pit)

   It inflicts extra damage upon your enemies.
   It affects your resistance to hostile enchantments.
   It makes you more stealthy.
 O - a +6 dire flail of draining (weapon)
Armour
 c - a +5 shield
 k - a +2 pair of gloves (worn)
 r - a +0 cloak (worn)
 t - the +1 helmet of Miracles (worn) {rElec rC+ Int+3}
   (You found it on level 9 of the Dungeon)

   It affects your intelligence (+3).
   It protects you from cold.
   It insulates you from electricity.
 y - a +2 pair of boots (worn)
 G - a +4 plate armour of fire resistance (worn)
Jewellery
 d - an uncursed ring of see invisible
 m - an amulet of the gourmand (around neck)
 D - a +5 ring of dexterity (right hand)
 Q - the ring "Jek Tari" (left hand) {+Fly Int+3 Dex+4}
   (You found it on level 11 of the Dungeon)

   [ring of flight]

   It affects your intelligence (+3).
   It affects your dexterity (+4).
   It lets you fly.
Wands
 l - a wand of teleportation (6/9)
 z - a wand of digging (14/24)
 J - a wand of teleportation (4/9)
 K - a wand of confusion (20/48)
Scrolls
 g - 2 scrolls of magic mapping
 n - 10 scrolls of teleportation
 q - 5 scrolls of fear
 s - 5 scrolls of remove curse
 x - 2 scrolls of amnesia
 B - 3 scrolls of recharging
 H - 2 scrolls of identify
 I - a scroll of fog
 L - a scroll of enchant armour
Potions
 a - a potion of invisibility
 b - 7 potions of brilliance
 u - 4 potions of curing
 w - a potion of might
 C - 2 potions of ambrosia
 F - a potion of haste
Books
 e - a Young Poisoner's Handbook

   Spells                             Type                      Level
   a - Sting                          Conjuration/Poison           1
   b - Mephitic Cloud                 Conjuration/Poison/Air       3
   c - Olgreb's Toxic Radiance        Poison                       4
   d - Alistair's Intoxication        Transmutation/Poison         5
   e - Venom Bolt                     Conjuration/Poison           5
 M - a book of Power

   Spells                             Type                      Level
   a - Fulminant Prism                Conjuration/Hexes            4
   b - Iskenderun's Mystic Blast      Conjuration                  4
   c - Venom Bolt                     Conjuration/Poison           5
   d - Bolt of Magma                  Conjuration/Fire/Earth       5
   e - Iron Shot                      Conjuration/Earth            6
   f - Orb of Destruction             Conjuration                  7
   g - Spellforged Servitor           Conjuration/Summoning        7
 P - a book of Conjurations

   Spells                             Type                      Level
   a - Magic Dart                     Conjuration                  1
   b - Searing Ray                    Conjuration                  2
   c - Dazzling Spray                 Conjuration/Hexes            3
   d - Fulminant Prism                Conjuration/Hexes            4
   e - Iskenderun's Mystic Blast      Conjuration                  4
   f - Iskenderun's Battlesphere      Conjuration/Charms           5
Comestibles
 f - 7 bread rations
 h - 12 slices of pizza
 i - 32 fruits
 j - 3 royal jellies
 o - 11 meat rations
 v - 8 beef jerkies


   Skills:
 * Level 13.5 Fighting
 * Level 16.5 Maces & Flails
 * Level 13.2 Armour
 - Level 4.0 Dodging
 - Level 1.6 Stealth
 * Level 17.3 Shields
 * Level 6.3 Spellcasting
 * Level 8.0 Conjurations
 + Level 4.4 Hexes
 + Level 4.8 Poison Magic


You had 20 spell levels left.
You knew the following spells:

 Your Spells              Type           Power        Failure   Level  Hunger
a - Dazzling Spray        Conj/Hex       ####..       30%         3    ##.....
b - Venom Bolt            Conj/Pois      ####......   99%         5    #####..


Dungeon Overview and Level Annotations

Branches:
Dungeon (15/15)            Temple (0/1) D:5            Lair (6/6) D:9
 Shoals (0/4) Lair:2        Snake (4/4) Lair:3        Slime (0/5) Lair:6
    Orc (2/2) D:9             Elf (0/3) Orc:2        Vaults (0/5) D:13
 Depths (0/5) D:15

Altars:
Cheibriados
Dithmenos
Elyvilon
Makhleb
Okawaru
Ru
Sif Muna
Xom
Yredelemnul
The Shining One
Beogh
Jiyva

Shops:
D:5 %   Orc:2 }*[(   Snake:2 :

Annotations:
D:14 Kirke
Snake:3 exclusion: Roxanne, Roxanne
Snake:4 Mara


Innate Abilities, Weirdness & Mutations

You are resistant to torment.
Your stone body is resilient. (AC +12)
You are immune to poison.
Your large and strong wings let you fly indefinitely.
You resist negative energy. (rN+)
You are resistant to electric shocks. (rElec)
You can survive without breathing.
You are immune to petrification.
You are immune to rotting.


Message History

The shock serpent's electric aura discharges violently, shocking you!
* * * LOW HITPOINT WARNING * * *
The black mamba closely misses you.
You closely miss the shock serpent.
The shock serpent is almost dead.
The shock serpent bites you.
* * * LOW HITPOINT WARNING * * *
The shock serpent shocks you. You resist.
* * * LOW HITPOINT WARNING * * *
The black mamba bites you.
* * * LOW HITPOINT WARNING * * *
The black mamba bites you but does no damage.
You feel better.
The black mamba bites you but does no damage.
The shock serpent shoots out a bolt of lightning at you!
The bolt of electricity hits you! You resist.
* * * LOW HITPOINT WARNING * * *
The black mamba bites you but does no damage.
The black mamba closely misses you. The shock serpent bites you!
You die...

.. ##..........#
#........ .#..........##
##........
............##
#.........
#...........###.........
#......................
#....S!...........))..
#....N............)...
##..SS..........###<..
#..S@......... ####
#.#####...... .. ###
.... .... .. #.. .. . .
.. ..#


You could see a naga ritualist, a shock serpent and 3 black mambas.

Vanquished Creatures
  Vashnia (Snake:3)
  Asterion (Snake:3)
  Agnes (D:14)
  A storm dragon (D:13)
  A fire giant (D:13)
  3 nagarajas
  Louise (D:15)
  Nessos (Lair:6)
  The ghost of nmestel the Devastator, a journeyman KoCj of Vehumet (Snake:1)
  Azrael (D:14)
  A dire elephant (Lair:5)
  Erolcha (Orc:1)
  A yaktaur captain (D:13)
  A rakshasa (D:13)
  4 ogre magi (Orc:2)
  4 vault guards (D:13)
  10 anacondas
  4 naga warriors
  The ghost of Garfong the Grappler, a novice TrMo of Ru (D:9)
  6 hydras
  2 ice dragons (D:15)
  2 catoblepae
  3 centaur warriors
  A death yak (Lair:6)
  Urug (D:11)
  6 shock serpents
  6 naga sharpshooters
  Nergalle (D:10)
  8 skeletal warriors
  The ghost of omnomnOMINOUS the Spear-Bearer, a novice MfMo of Okawaru (D:7)
  A salamander mystic (Snake:3)
  6 hill giants
  6 naga ritualists
  The ghost of JeffiDaFish the Cudgeler, a novice GrFi of Makhleb (D:6)
  A wolf spider zombie (D:15)
  2 deep elf magi
  11 ugly things
  2 manticores
  13 mana vipers
  7 salamanders
  29 elephants
  4 cyclopes
  2 guardian serpents
  8 centaur zombies
  A guardian serpent (shapeshifter) (D:13)
  31 black mambas
  13 naga magi
  A spiny frog (shapeshifter) (D:15)
  7 spiny frogs
  A gargoyle (D:13)
  Psyche (D:12)
  3 torpor snails
  2 freezing wraiths
  A rime drake (Lair:6)
  6 komodo dragons
  2 ice devils (Lair:5)
  6 polar bears
  A hornet (shapeshifter) (D:14)
  3 hornets
  4 trolls
  A two-headed ogre (shapeshifter) (D:15)
  16 two-headed ogres
  3 hippogriffs
  9 slime creatures (D:14)
  33 blink frogs
  A hippogriff (shapeshifter) (D:15)
  2 centaur simulacra
  2 shadows
  A redback (Lair:6)
  16 spriggans
  2 vampires
  2 wraiths
  Sigmund (D:5)
  3 wyverns
  72 yaks
  A human (D:7)
  3 hogs (D:7)
  A basilisk (Lair:4)
  3 fire elementals (D:14)
  Grum (D:10)
  3 hungry ghosts
  3 wargs (D:9)
  2 mottled dragons (D:13)
  18 nagas
  17 water moccasins
  6 porcupines
  A hell hound (shapeshifter) (D:15)
  A hell hound (D:14)
  3 ice beasts
  16 orc warriors
  2 sky beasts
  A hornet zombie (D:10)
  3 black bears
  29 ogres
  3 necrophages (D:10)
  3 boggarts (Lair:6)
  2 phantoms
  37 wolves
  7 centaurs
  12 crocodiles
  2 big kobolds
  18 bullfrogs
  2 wyvern zombies
  5 scorpions
  17 wights
  3 electric eels
  6 howler monkeys
  9 crimson imps
  2 quasits
  2 bullfrog zombies
  2 jellies
  14 orc priests
  3 hounds
  A bullfrog skeleton (D:9)
  5 centaur skeletons
  7 iguanas
  17 orc wizards
  9 worker ants
  3 hound zombies
  2 mummies (D:10)
  A howler monkey zombie (D:8)
  4 gnolls (D:5)
  A worker ant zombie (D:10)
  15 adders
  8 shadow imps
  A white imp (D:11)
  2 oozes
  An ufetubus (D:11)
  An adder zombie (D:5)
  A worm (D:3)
  2 dart slugs
  8 leopard geckos
  46 orcs
  3 ball pythons
  6 giant cockroaches
  12 goblins
  10 hobgoblins
  11 jackals
  16 kobolds
  3 quokkas
  8 bats
  4 frilled lizards
  A goblin skeleton (D:9)
  3 goblin zombies (D:9)
  A hobgoblin zombie (D:9)
  2 kobold skeletons (D:9)
  2 leopard gecko zombies
  2 orc skeletons (D:9)
  2 orc zombies (D:9)
  A quokka skeleton (D:5)
  2 quokka zombies
  2 rats
  3 plants (D:11)
908 creatures vanquished.

Vanquished Creatures (others)
  A kobold demonologist (D:13)
  Blork the orc (D:3)
  11 fungi
  14 plants
27 creatures vanquished.

Grand Total: 935 creatures vanquished

Notes
Turn   | Place    | Note
-------+----------+-------------------------------------------
     0 | D:1      | JeffiDaFish the Gargoyle Fighter began the quest for the Orb.
     0 | D:1      | Reached XP level 1. HP: 14/14 MP: 1/1
    82 | D:1      | Reached XP level 2. HP: 19/19 MP: 2/2
   519 | D:1      | Reached XP level 3. HP: 23/23 MP: 3/3
   975 | D:2      | Reached skill level 4 in Shields
  1021 | D:2      | Found a burning altar of Makhleb.
  1036 | D:2      | Became a worshipper of Makhleb the Destroyer
  1244 | D:2      | Reached XP level 4. HP: 26/28 MP: 4/4
  1265 | D:2      | Found an iron altar of Okawaru.
  1715 | D:3      | Reached XP level 5. HP: 30/32 MP: 5/5
  1790 | D:3      | Reached * piety under Makhleb
  1956 | D:3      | Noticed Blork the orc
  2022 | D:3      | Reached skill level 1 in Dodging
  2760 | D:3      | Found a deep blue altar of Sif Muna.
  2786 | D:3      | Killed Blork the orc
  2965 | D:4      | Reached skill level 5 in Shields
  3020 | D:4      | Gained mutation: Your mind is acute. (Int +2) [potion of beneficial mutation]
  3105 | D:4      | Reached XP level 6. HP: 38/38 MP: 6/6
  3157 | D:4      | Reached ** piety under Makhleb
  3669 | D:4      | Reached XP level 7. HP: 42/43 MP: 7/7
  3981 | D:5      | Entered Level 5 of the Dungeon
  4032 | D:5      | Found a staircase to the Ecumenical Temple.
  4218 | D:5      | Found Pegab's Food Boutique.
  4337 | D:5      | Reached skill level 5 in Maces & Flails
  4345 | D:5      | Noticed Sigmund
  4351 | D:5      | Reached skill level 6 in Shields
  4369 | D:5      | Killed Sigmund
  4964 | D:5      | Reached XP level 8. HP: 48/48 MP: 8/8
  4987 | D:5      | Found a basalt altar of Yredelemnul.
  5190 | D:6      | Reached skill level 5 in Armour
  5306 | D:6      | Noticed JeffiDaFish's ghost (novice GrFi)
  5325 | D:6      | Killed JeffiDaFish's ghost
  5325 | D:6      | Reached skill level 5 in Fighting
  5325 | D:6      | Reached skill level 7 in Shields
  5327 | D:6      | Reached XP level 9. HP: 48/54 MP: 9/9
  5494 | D:6      | Found a snail-covered altar of Cheibriados.
  5582 | D:7      | Reached *** piety under Makhleb
  5638 | D:7      | Noticed omnomnOMINOUS's ghost (novice MfMo)
  5671 | D:7      | Killed omnomnOMINOUS's ghost
  5854 | D:7      | Reached skill level 8 in Shields
  6241 | D:7      | Reached XP level 10. HP: 60/60 MP: 10/10
  6712 | D:8      | Found a sacrificial altar of Ru.
  6721 | D:8      | Gained mutation: You are resistant to hostile enchantments. (MR+) [potion of mutation]
  6721 | D:8      | Gained mutation: You are partially covered in icy blue scales. (AC +2) [potion of mutation]
  7205 | D:8      | Lost mutation: You are resistant to hostile enchantments. (MR+) [potion of cure mutation]
  7205 | D:8      | Lost mutation: Your mind is acute. (Int +2) [potion of cure mutation]
  7205 | D:8      | Lost mutation: You are partially covered in icy blue scales. (AC +2) [potion of cure mutation]
  7666 | D:9      | Reached skill level 9 in Shields
  7688 | D:9      | Reached **** piety under Makhleb
  7979 | D:9      | Found a staircase to the Lair.
  8023 | D:9      | Reached skill level 10 in Maces & Flails
  8093 | D:9      | Found a glowing golden altar of the Shining One.
  8135 | D:9      | Found a staircase to the Orcish Mines.
  8289 | D:9      | Got an ancient helmet
  8295 | D:9      | Identified the +1 helmet of Miracles {rElec rC+ Int+3} (You found it on level 9 of the Dungeon)
  8390 | D:9      | Found a white marble altar of Elyvilon.
  8425 | D:9      | Noticed Garfong's ghost (novice TrMo)
  8439 | D:9      | Killed Garfong's ghost
  8439 | D:9      | Reached skill level 10 in Shields
  8439 | D:9      | Reached XP level 11. HP: 29/67 MP: 11/11
  8881 | Lair:1   | Entered Level 1 of the Lair of Beasts
  9845 | Lair:1   | Noticed a six-headed hydra
  9856 | Lair:1   | Killed a six-headed hydra
 10069 | Lair:2   | Found a shimmering altar of Xom.
 10227 | Lair:2   | Found a staircase to the Shoals.
 10261 | Lair:2   | Reached ***** piety under Makhleb
 10653 | Lair:2   | Reached skill level 11 in Shields
 10963 | Lair:3   | Noticed a five-headed hydra
 10975 | Lair:3   | Killed a five-headed hydra
 11142 | Lair:3   | Found a staircase to the Snake Pit.
 11159 | Lair:3   | Reached XP level 12. HP: 74/74 MP: 12/12
 11171 | Lair:3   | You fall through a shaft for 3 floors!
 11171 | Lair:6   | Entered Level 6 of the Lair of Beasts
 11273 | Lair:6   | Reached skill level 1 in Stealth
 11491 | Lair:5   | Noticed an eight-headed hydra
 11508 | Lair:5   | Killed an eight-headed hydra
 11643 | Lair:4   | Reached skill level 12 in Shields
 12142 | Lair:4   | Reached skill level 10 in Armour
 12613 | Lair:4   | Reached XP level 13. HP: 80/80 MP: 13/13
 13100 | Lair:5   | Reached skill level 13 in Shields
 13512 | Lair:5   | Noticed a dire elephant
 13521 | Lair:5   | Killed a dire elephant
 13615 | Lair:5   | Reached ****** piety under Makhleb
 13886 | Lair:6   | Reached skill level 10 in Fighting
 13895 | Lair:6   | Noticed Nessos
 13905 | Lair:6   | Found a viscous altar of Jiyva.
 13905 | Lair:6   | Found a staircase to the Slime Pits.
 13978 | Lair:6   | Killed Nessos
 13978 | Lair:6   | Reached skill level 14 in Shields
 14128 | Lair:6   | Gained mutation: Your large and strong wings let you fly indefinitely. [Gargoyle growth]
 14128 | Lair:6   | Reached XP level 14. HP: 82/88 MP: 14/14
 14722 | Lair:6   | Reached skill level 15 in Shields
 15758 | Lair:3   | Reached skill level 15 in Maces & Flails
 16020 | Lair:3   | Got a slimy war axe
 16021 | Lair:3   | Identified the +4 war axe "Yddomnar" {chop, Str+2} (You found it on level 3 of the Lair of Beasts)
 16206 | Lair:3   | Found a basalt altar of Yredelemnul.
 16333 | D:10     | Entered Level 10 of the Dungeon
 16415 | D:10     | Noticed Nergalle
 16433 | D:10     | Killed Nergalle
 16614 | D:10     | Noticed Grum
 16641 | D:10     | Killed Grum
 17353 | D:11     | Reached XP level 15. HP: 95/95 MP: 15/15
 17485 | D:11     | Learned a level 3 spell: Dazzling Spray
 17554 | D:11     | Got a scintillating lapis lazuli ring
 17556 | D:11     | Identified the ring "Jek Tari" {+Fly Int+3 Dex+4} (You found it on level 11 of the Dungeon)
 17777 | D:11     | Noticed Urug
 17797 | D:11     | Killed Urug
 17812 | D:11     | Reached skill level 1 in Spellcasting
 17822 | D:11     | Reached skill level 1 in Conjurations
 18096 | D:11     | Got a slimy buckler
 18107 | D:11     | Identified the cursed +0 buckler "Veet" {rCorr Dex+3} (You found it on level 11 of the Dungeon)
 18942 | D:12     | Noticed Psyche
 18952 | D:12     | Killed Psyche
 19078 | D:13     | Reached skill level 16 in Shields
 19232 | D:13     | Reached skill level 1 in Hexes
 19260 | D:13     | Found a gate to the Vaults.
 19620 | D:13     | Learned a level 5 spell: Venom Bolt
 19739 | D:13     | Found a runed door.
 19748 | D:13     | Noticed a fire giant
 19748 | D:13     | Noticed a storm dragon
 19759 | D:13     | Killed a storm dragon
 19767 | D:13     | Killed a fire giant
 19856 | D:13     | Reached skill level 1 in Poison Magic
 20081 | D:14     | Noticed Azrael
 20096 | D:14     | Killed Azrael
 20137 | D:14     | Noticed Agnes
 20160 | D:14     | Killed Agnes
 20176 | D:14     | Noticed Kirke
 20877 | D:14     | Found a shadowy altar of Dithmenos.
 20884 | D:14     | Reached XP level 16. HP: 101/101 MP: 21/21
 21136 | D:15     | Entered Level 15 of the Dungeon
 21146 | D:15     | Reached skill level 5 in Conjurations
 21331 | D:15     | Noticed Louise
 21374 | D:15     | Killed Louise
 21537 | D:15     | Found a staircase to the Depths.
 22403 | Orc:1    | Entered Level 1 of the Orcish Mines
 22723 | Orc:1    | Noticed Erolcha
 22727 | Orc:1    | Found a roughly hewn altar of Beogh.
 22748 | Orc:1    | Killed Erolcha
 22881 | Orc:2    | Entered Level 2 of the Orcish Mines
 23059 | Orc:2    | Found a staircase to the Elven Halls.
 23278 | Orc:2    | Found Kanun's Armour Boutique.
 23278 | Orc:2    | Found Qithriy's Gadget Shoppe.
 23361 | Orc:2    | Found Yfus's General Store.
 23361 | Orc:2    | Found Ibunin's Antique Weapon Emporium.
 23373 | Orc:2    | Bought a scroll of enchant armour for 97 gold pieces
 23572 | Snake:1  | Entered Level 1 of the Snake Pit
 23593 | Snake:1  | Noticed nmestel's ghost (journeyman KoCj)
 23728 | Snake:1  | Killed nmestel's ghost
 24059 | Snake:1  | Reached skill level 5 in Spellcasting
 24435 | Snake:1  | Reached XP level 17. HP: 108/108 MP: 24/24
 24482 | Snake:2  | Got a smoking hat
 24493 | Snake:2  | Identified the +1 hat of Incorporation {Dex+3} (You found it on level 2 of the Snake Pit)
 24808 | Snake:2  | Reached skill level 17 in Shields
 25007 | Snake:2  | Found Camnuyv's Book Shop.
 25015 | Snake:2  | Bought a book of Power for 765 gold pieces
 25069 | Snake:2  | You are sucked into a shaft!
 25262 | Snake:3  | Noticed Roxanne
 25348 | Snake:3  | Noticed Vashnia
 25455 | Snake:3  | Killed Vashnia
 25786 | Snake:3  | Identified a scroll of acquirement
 26036 | Snake:3  | Noticed Asterion
 26049 | Snake:3  | Killed Asterion
 26253 | Snake:4  | Entered Level 4 of the Snake Pit
 26331 | Snake:4  | Noticed Mara
 26368 | Snake:4  | Noticed JeffiDaFish's illusion
 26419 | Snake:4  | Noticed JeffiDaFish's illusion
 26486 | Snake:4  | Got a fine whip
 26487 | Snake:4  | Identified the +4 whip of the Desert {slash, MR+ Stlth+} (You found it on level 4 of the Snake Pit)
 26492 | Snake:4  | HP: 2/109 [black mamba (6)]
 26493 | Snake:4  | Slain by a shock serpent

Skill      XL: |  1  2  3  4  5  6  7  8  9 10 11 12 13 14 15 16 17 |
---------------+----------------------------------------------------+-----
Shields        | 4 5 6 7 8 10 11 12 14 15 16 17 | 17.3
Maces & Flails | 3 4 5 7 9 10 11 12 14 15 16 | 16.5
Dodging        | 1 2 3 4 |  4.0
Fighting       | 4 5 7 8 9 10 11 12 13 | 13.5
Armour         | 4 5 7 8 9 10 11 12 13 | 13.2
Stealth        | 1 |  1.6
Spellcasting   | 3 5 6 |  6.3
Conjurations   | 4 6 8 |  8.0
Hexes          | 2 3 4 |  4.4
Poison Magic   | 1 3 4 |  4.8

Action                   |  1- 3 |  4- 6 |  7- 9 | 10-12 | 13-15 | 16-18 || total
-------------------------+-------+-------+-------+-------+-------+-------++-------
Melee: Flail             |   149 |    66 |       |       |       |       ||   215
       Morningstar       |       |   291 |   376 |  1197 |  1940 |  1246 ||  5050
       Unarmed           |       |       |       |       |     2 |       ||     2
       Dire flail        |       |       |       |       |       |   235 ||   235
 Abil: Fly               |       |       |       |       |     1 |       ||     1
  Use: Potion            |     5 |     3 |     5 |     6 |     5 |    13 ||    37
       Scroll            |     2 |    10 |     2 |    12 |    12 |    10 ||    48
 Stab: Petrified         |       |       |       |       |     4 |       ||     4
       Distracted        |       |       |       |       |       |     2 ||     2
  Eat: Chunk             |     2 |    20 |    14 |    36 |    32 |    20 ||   124
       Royal jelly       |       |       |       |     2 |       |       ||     2
       Bread ration      |       |       |       |     1 |       |       ||     1
       Pizza             |       |       |       |     1 |       |       ||     1
Armor: Scale mail        |   110 |    41 |       |       |       |       ||   151
       Chain mail        |       |   224 |   305 |   213 |       |       ||   742
       Plate armour      |       |       |       |   511 |   953 |   623 ||  2087
Dodge: Dodged            |    51 |   129 |   132 |   338 |   494 |   273 ||  1417
Block: Shield            |   102 |   251 |   228 |  1038 |  1841 |  1114 ||  4574
